 Dungeon Crawl Stone Soup version 0.28.0-53-g5a82cb258f (webtiles) character file.

Game seed: 3888480603197107050

10887 Doot the Covert (level 11, 0/74 HPs)
             Began as a Vampire Enchanter on May 21, 2022.
             Was a Believer of Sif Muna.
             Succumbed to a cane toad's poison
             ... on level 1 of the Lair of Beasts.
             The game lasted 00:20:06 (10131 turns).

Doot the Covert (Vampire Enchanter)                Turns: 10131, Time: 00:20:06

Health: 0/74       AC: 10    Str:  7    XL:     11   Next: 42%
Magic:  29/29      EV: 14    Int: 23    God:    Sif Muna [**....]
Gold:   203        SH:  0    Dex: 14    Spells: 5/23 levels left

rFire   . . .      SeeInvis +   y - +2 rapier (venom)
rCold   . . .      Faith    +   (no shield)
rNeg    . . .      Spirit   .   b - +0 robe
rPois   .          Reflect  .   (no helmet)
rElec   .          Harm     .   G - +0 cloak
rCorr   .          Rampage  .   (no gloves)
Will    +....                   D - +2 pair of boots
Stlth   ++++++....              Q - amulet of faith
HPRegen 0.42/turn               i - +4 ring of protection
MPRegen 0.21/turn               E - ring of magical power

@: lethally poisoned (0 -> -21), healing quickly
A: alive, fangs 3, see invisible, vampiric 2
a: Exsanguinate, Renounce Religion, Channel Magic


You were on level 1 of the Lair of Beasts.
You worshipped Sif Muna.
Sif Muna was pleased with you.
You visited 3 branches of the dungeon, and saw 13 of its levels.

You collected 353 gold pieces.
You spent 150 gold pieces at shops.

Inventory:

Hand Weapons
 a - a +1 dagger
 m - the +10 whip of Fate {vorpal, rElec Str+3}
   (You found it on level 5 of the Dungeon)

   It inflicts extra damage upon your enemies.
   Str:       It affects your strength (+3).
   rElec:     It insulates you from electricity.
 u - a +2 dagger of venom
 y - a +2 rapier of venom (weapon)
Missiles
 L - a throwing net
 O - 6 curare-tipped darts
Armour
 b - a +0 robe (worn)
 D - a +2 pair of boots (worn)
 G - a +0 cloak (worn)
Magical Staves
 N - a staff of earth
Jewellery
 i - a +4 ring of protection (left hand)
 t - an amulet of the acrobat
 z - a ring of flight
 A - an amulet of reflection
 E - a ring of magical power (right hand)
 Q - an amulet of faith (around neck)
Wands
 o - a wand of flame (7)
 H - a wand of paralysis (5)
 I - a wand of iceblast (4)
 M - a wand of mindburst (7)
 P - a wand of acid (5)
Scrolls
 e - 3 scrolls of magic mapping {unknown}
 f - a scroll of enchant weapon {unknown}
 g - 2 scrolls of vulnerability {unknown}
 j - a scroll of fear {unknown}
 n - 2 scrolls of holy word {unknown}
 p - 3 scrolls of blinking {unknown}
 q - 2 scrolls of summoning {unknown}
 r - a scroll of noise {unknown}
 s - 2 scrolls of immolation {unknown}
 w - 6 scrolls of identify {unknown}
 B - a scroll of enchant armour {unknown}
 J - 2 scrolls of teleportation {unknown}
 R - a scroll of silence {unknown}
Potions
 c - a potion of invisibility
 d - 3 potions of lignification {unknown}
 h - 2 potions of brilliance {unknown}
 k - a potion of resistance {unknown}
 l - 2 potions of haste {unknown}
 v - 3 potions of heal wounds
 x - a potion of attraction {unknown}
 C - 4 potions of curing
 F - a potion of might {unknown}
 K - a potion of ambrosia {unknown}


   Skills:
 + Level 2.9 Fighting
 + Level 6.2 Short Blades
 + Level 5.4 Dodging
 + Level 14.5 Stealth
 + Level 6.5 Spellcasting
 + Level 9.6 Hexes
 * Level 6.7 Summonings
 * Level 2.8 Transmutations
 + Level 4.8 Ice Magic
 * Level 3.0 Poison Magic
 * Level 2.3 Invocations


You had 5 spell levels left.
You knew the following spells:

 Your Spells              Type           Power      Damage    Failure   Level
a - Ensorcelled Hibernat  Hex/Ice        80%        N/A       1%          2
b - Confusing Touch       Hex            51%        N/A       1%          3
c - Summon Hydra          Summ           19%        N/A       99%         7
d - Eringya's Noxious Bo  Tmut/Pois      10%        N/A       98%         6

Your spell library contained the following spells:

 Spells                   Type           Power      Damage    Failure   Level
 Tukima's Dance           Hex            51%        N/A       1%          3
 Dazzling Flash           Conj/Hex       58%        N/A       3%          3
 Passwall                 Tmut/Erth      11%        N/A       7%          2
 Pain                     Necr           28%        1d5       9%          1
 Fulminant Prism          Conj/Hex       14%        3d9       11%         4
 Swiftness                Air            7%         N/A       24%         3
 Summon Forest            Summ/Tloc      11%        N/A       50%         5
 Alistair's Intoxication  Tmut/Pois      14%        N/A       54%         5
 Iskenderun's Mystic Bla  Conj/Tloc      7%         2d4       63%         4
 Agony                    Necr           7%         N/A       92%         5
 Borgnjor's Vile Clutch   Necr/Erth      3%         N/A       92%         5
 Excruciating Wounds      Necr           3%         N/A       92%         5
 Lee's Rapid Deconstruct  Erth           3%         3d6*      92%         5


Dungeon Overview and Level Annotations

Branches:
Dungeon (11/15)            Temple (1/1) D:6            Lair (1/6) D:10
    Orc: D:9-12

Altars:
Cheibriados
Dithmenos
Fedhas
Hepliaklqana
Kikubaaqudgha
Makhleb
Nemelex Xobeh
Okawaru
Qazlal
Ru
Sif Muna
Trog
Uskayaw
Vehumet
Wu Jian
Xom
Yredelemnul
Zin
The Shining One

Shops:
D:3 *   D:7 [


Innate Abilities, Weirdness & Mutations

Your natural rate of healing is accelerated.
You have razor-sharp teeth.
You have supernaturally acute eyesight. (SInv)
You are afflicted with vampirism and can become a bat while bloodless.


Message History

A yak comes into view.
The yak moves out of view. 2 yaks come into view.
A cane toad comes into view.
The yak moves out of view.
Casting: Ensorcelled Hibernation (safe; 1% risk of failure)
Confirm with . or Enter, or press ? or * to list all spells.
Aiming: Ensorcelled Hibernation (safe; 1% risk of failure)
Press: ? - help, Shift-Dir - straight line, f - cane toad
Aim: a cane toad (chance to affect: 66%)
The cane toad looks drowsy...
The cane toad croaks.
You hear a bellow!
A yak comes into view.
A yak comes into view.
The yak bellows!
The cane toad gives a loud, deep croak!
The cane toad misses you. x2
The cane toad stings you!!
Casting: Ensorcelled Hibernation (safe; 1% risk of failure)
Confirm with . or Enter, or press ? or * to list all spells.
Aiming: Ensorcelled Hibernation (safe; 1% risk of failure)
Press: ? - help, Shift-Dir - straight line, f - cane toad, p - cane toad
Aim: a cane toad (chance to affect: 66%)
Okay, then.
The cane toad misses you. The cane toad barely misses you.
The cane toad stings you!
Casting: Ensorcelled Hibernation (safe; 1% risk of failure)
Confirm with . or Enter, or press ? or * to list all spells.
Aiming: Ensorcelled Hibernation (safe; 1% risk of failure)
Press: ? - help, Shift-Dir - straight line, f - cane toad, p - cane toad
Aim: a cane toad (chance to affect: 66%)
Okay, then.
The cane toad stings you! The cane toad stings you!
* * * LOW HITPOINT WARNING * * *
The cane toad stings you!!
* * * LOW HITPOINT WARNING * * *
You are lethally poisoned!
The cane toad poisons you!
There is a staircase back to the Dungeon, spattered with blood here.
You die...

##Y..## .......
##...## ....Y..
###Y.### .......
##...## #......
#...## ..###### ###
.......###.# ##
..........##
####P######
.........P#
###.@........
...Y.....##
#...F........
.#†.....##
#...F........
##...Y..#
#............
####.Y##
##Y...........
##..##
#.............
##..###Y............
##..#..............
##...............#


You could see 2 yaks and 2 cane toads.

Vanquished Creatures
  Pikel (D:5)
  2 cyclopes (D:11)
  A manticore (D:10)
  2 black mambas (Lair:1)
  An unseen horror (D:11)
  A troll (D:11)
  Prince Ribbit (D:8)
  A shadow (D:10)
  A wraith (D:9)
  2 wyverns (D:10)
  13 yaks
  A basilisk (D:10)
  Eustachio (D:6)
  Grum (D:8)
  4 vampire mosquitoes
  2 steam dragons
  Edmund (D:6)
  4 acid dragons
  2 sky beasts
  An orc warrior (D:10)
  5 water moccasins
  An ice beast (D:6)
  4 wolves
  2 centaurs
  3 phantoms
  A lemure (D:6)
  A kobold brigand (D:8)
  3 bullfrogs
  A scorpion (D:5)
  2 gnoll sergeants (D:7)
  A water moccasin skeleton (D:7)
  A wyvern skeleton (D:7)
  11 killer bees
  4 wights (D:6)
  An electric eel (D:6)
  2 howler monkeys
  A lava snake (D:8)
  2 bullfrog zombies (D:6)
  A jelly (D:5)
  3 hounds
  5 orc priests
  A gnoll shaman (D:9)
  A bullfrog skeleton (D:6)
  3 iguanas (D:4)
  7 orc wizards
  A scorpion zombie (D:5)
  2 killer bee zombies (D:6)
  3 hound skeletons
  A howler monkey zombie (D:7)
  13 gnolls
  5 adders
  An adder skeleton (D:4)
  22 orcs
  4 endoplasms
  2 giant cockroaches
  4 goblins
  4 hobgoblins (D:4)
  3 jackals (D:4)
  4 quokkas
  A ball python (D:4)
  2 frilled lizards
  8 kobolds
  3 rats
193 creatures vanquished.

Vanquished Creatures (others)
  A kobold (D:8)
1 creature vanquished.

Grand Total: 194 creatures vanquished

Notes
Turn   | Place    | Note
-------+----------+-------------------------------------------
     0 | D:1      | Doot the Vampire Enchanter began the quest for the Orb.
     0 | D:1      | Reached XP level 1. HP: 13/13 MP: 3/3
    72 | D:2      | Reached XP level 2. HP: 7/19 MP: 5/5
   211 | D:1      | Learned a level 2 spell: Ensorcelled Hibernation
   429 | D:2      | Reached skill level 5 in Hexes
   804 | D:3      | Found Uvywoolo's General Store.
   934 | D:3      | Gained mutation: You are afflicted with vampirism and can
                  | become a bat while bloodless. [Vampire growth]
   934 | D:3      | Reached XP level 3. HP: 24/24 MP: 6/6
  1013 | D:4      | Learned a level 3 spell: Confusing Touch
  1018 | D:5      | Entered Level 5 of the Dungeon
  1020 | D:5      | Reached skill level 5 in Stealth
  1020 | D:5      | Reached XP level 4. HP: 30/30 MP: 7/7
  1082 | D:6      | Noticed Edmund
  1082 | D:6      | Noticed Eustachio
  1082 | D:6      | Noticed a phantom
  1113 | D:5      | Identified the +10 whip of Fate {vorpal, rElec Str+3}
  1349 | D:5      | Noticed a scorpion
  1352 | D:5      | Killed a scorpion
  1353 | D:5      | Reached skill level 1 in Ice Magic
  1353 | D:5      | Reached XP level 5. HP: 36/36 MP: 7/9
  1464 | D:5      | Noticed an ogre
  1541 | D:5      | Reached skill level 6 in Stealth
  1692 | D:5      | Noticed an acid dragon
  1699 | D:5      | Killed an acid dragon
  1700 | D:5      | Reached XP level 6. HP: 42/42 MP: 10/10
  1723 | D:6      | Noticed a yak
  1723 | D:6      | Noticed a yak
  1723 | D:6      | Noticed a yak
  1723 | D:6      | Noticed a yak
  1874 | D:4      | Reached skill level 1 in Fighting
  1874 | D:4      | Reached skill level 7 in Stealth
  2375 | D:4      | Reached XP level 7. HP: 48/48 MP: 12/12
  2426 | D:4      | Learned a level 7 spell: Summon Hydra
  2484 | D:4      | Reached skill level 8 in Stealth
  2975 | D:5      | Found an ornate altar of the Wu Jian Council.
  2975 | D:5      | Found a faded altar of an unknown god.
  2983 | D:5      | Found a faded altar of an unknown god.
  2985 | D:5      | Found a sparkling altar of Nemelex Xobeh.
  2986 | D:5      | Found an ancient bone altar of Kikubaaqudgha.
  3247 | D:5      | Killed a yak
  3248 | D:5      | Reached skill level 1 in Summonings
  3249 | D:5      | Killed a yak
  3250 | D:5      | Reached skill level 9 in Stealth
  3365 | D:6      | Killed Eustachio
  3366 | D:6      | Reached XP level 8. HP: 54/54 MP: 13/13
  3394 | D:6      | Noticed a troll
  3454 | D:6      | Noticed Pikel
  3491 | D:5      | Killed Pikel
  3492 | D:5      | Reached skill level 10 in Stealth
  3542 | D:6      | Found a burning altar of Makhleb.
  3846 | D:6      | Killed Edmund
  3847 | D:6      | Reached skill level 11 in Stealth
  3929 | D:6      | Reached XP level 9. HP: 59/59 MP: 11/16
  4379 | D:7      | Found Morehis's Antique Armour Emporium.
  4387 | D:7      | Reached skill level 5 in Spellcasting
  4393 | D:7      | Bought a pair of runed boots for 150 gold pieces
  4649 | D:7      | Reached skill level 12 in Stealth
  4970 | D:7      | Reached skill level 5 in Short Blades
  5493 | D:6      | Found a staircase to the Ecumenical Temple.
  5502 | Temple   | Entered the Ecumenical Temple
  5510 | Temple   | Became a worshipper of Sif Muna the Loreminder
  5606 | D:6      | Reached skill level 5 in Summonings
  6042 | D:8      | Noticed Prince Ribbit
  6049 | D:8      | Killed Prince Ribbit
  6050 | D:8      | Reached XP level 10. HP: 67/67 MP: 18/18
  6254 | D:8      | Noticed Grum
  6363 | D:9      | Reached skill level 13 in Stealth
  6719 | D:9      | Found a hide-covered altar of Uskayaw.
  6839 | D:9      | Found a shadowy altar of Dithmenos.
  7380 | D:8      | Killed Grum
  7430 | D:8      | Learned a level 6 spell: Eringya's Noxious Bog
  7447 | D:8      | Reached * piety under Sif Muna
  7530 | D:8      | Reached skill level 1 in Poison Magic
  8103 | D:10     | Entered Level 10 of the Dungeon
  8292 | D:10     | Noticed a manticore
  8313 | D:10     | Reached skill level 1 in Transmutations
  8406 | D:10     | Killed a manticore
  8497 | D:10     | Reached skill level 1 in Invocations
  8775 | D:10     | Found a staircase to the Lair.
  8778 | D:10     | Reached skill level 5 in Dodging
  8790 | D:10     | Reached skill level 14 in Stealth
  8793 | D:10     | Reached XP level 11. HP: 39/74 MP: 20/20
  9368 | D:11     | Reached ** piety under Sif Muna
  9956 | Lair:1   | Entered Level 1 of the Lair of Beasts
 10131 | Lair:1   | Succumbed to a cane toad's poison

Illustrated notes

Levels and vault maps discovered:
D:1:      mrwooster_arrival_statue_2, layout_rooms,
          hangedman_abyss_or_decor_stabs
D:2:      layout_rooms, hellmonk_ecumenical_altar_heavens_door,
          eino_tiny_chamber
D:3:      layout_loops_ring, serial_shops, shop_fountains
D:4:      minmay_angry_zag, layout_basic, minmay_a_box_with_orc_wizards_in_it
D:5:      layout_loops_ring, chequers_temple_overflow_minitemple,
          nicolae_fountain_basement
D:6:      layout_rooms, lemuel_round_altar, minmay_temple_entry_waves,
          kennysheep_opposing_triangles, uniq_edmund, uniq_pikel, uniq_eustachio
D:7:      layout_basic, serial_shops, shop, serial_rivers,
          chequers_serial_rivers_room_a, chequers_serial_rivers_micro_c,
          chequers_serial_rivers_room_a, chequers_serial_rivers_micro_b,
          chequers_serial_rivers_large_b
D:8:      layout_layer_cave, kennysheep_path_1, uniq_prince_ribbit1, uniq_grum
D:9:      layout_rooms, eat_drink_and_be_merry_uskayaw,
          nicolae_dithmenos_through_a_glass_darkly, minmay_holes, dk_vineyard_3
D:10:     layout_roguey, erik_lair_dragon, minmay_misc_feat_x
D:11:     minmay_the_grid_triangle_9x9_recursive_3_mashed
          [minmay_the_grid_triangle_9x9_minimal,
          minmay_the_grid_triangle_9x9_windchime,
          minmay_the_grid_triangle_9x9_dagger,
          minmay_the_grid_triangle_9x9_prize_center,
          minmay_the_grid_triangle_9x9_intruding_spiral,
          minmay_the_grid_triangle_9x9_from_above,
          minmay_the_grid_triangle_9x9_semitri,
          minmay_the_grid_triangle_9x9_thin_v,
          minmay_the_grid_triangle_9x9_fully_insulated_deathbox],
          layout_loops_ring, orc_0_dummy
Temple:   nicolae_temple_x_marks_the_god
Lair:1:   layout_cave_pods, basic_altar

Skill      XL: |  1  2  3  4  5  6  7  8  9 10 11 |
---------------+----------------------------------+-----
Hexes          | 5 6 7 8 9 |  9.6
Stealth        | 5 6 7 9 11 12 14 | 14.5
Short Blades   | 2 3 4 5 6 |  6.2
Ice Magic      | 1 2 3 4 |  4.8
Spellcasting   | 3 4 5 6 |  6.5
Fighting       | 1 2 |  2.9
Dodging        | 3 4 5 |  5.4
Summonings     | 2 3 5 6 |  6.7
Poison Magic   | 2 3 |  3.0
Transmutations | 1 2 |  2.8
Invocations    | 1 2 |  2.3

Action                   |  1- 3 |  4- 6 |  7- 9 | 10-12 || total
-------------------------+-------+-------+-------+-------++-------
Melee: Dagger            |    69 |    77 |    21 |       ||   167
       Bite              |     2 |    11 |    28 |    19 ||    60
       Punch             |       |     1 |     3 |     3 ||     7
       Rapier            |       |       |   195 |   153 ||   348
 Cast: Ensorcelled Hiber |    12 |    24 |    51 |    79 ||   166
       Confusing Touch   |       |     3 |    20 |     7 ||    30
 Stab: Sleeping          |    13 |    20 |    40 |    55 ||   128
       Confused          |       |     1 |    14 |     6 ||    21
       Distracted        |       |       |     2 |       ||     2
Armor: Robe              |     9 |    17 |    43 |    53 ||   122
Dodge: Dodged            |    45 |    42 |   170 |   196 ||   453
